AoeStats
← DUNCAN

Arabia

510633132Analyzed
4v4 RM · 19h ago on Oct 1, 2026· 92m 22s· 8 players
Game mode
Random Map
Map size
Large (8 player)
Population
200
Speed
Normal
Resources
Standard
Victory
Conquest
Starting age
Dark Age
Ending age
Imperial Age
RankedLock teamsTeams togetherTeam positionsShared explorationLock speedFull tech treeHidden civsTurbo modeCheats
Victory
Defeat
🇦🇷 Ethiopians · Argentina
918
+11
🇹🇷 Bohemians · Türkiye
902
+12
🇹🇷 Saracens · Türkiye
886
+12
🇦🇷 Franks · Argentina
774
+17
🇨🇴 Ethiopians · Colombia
834
-14
🇬🇧 Cumans · United Kingdom
818
-14
🇫🇷 Britons · France
795
-13
🇺🇸 Hindustanis · United States
754
-11
sam.pidgeon
1:51 Loom
12:06 Feudal Age
20:28 Scale Barding Armor
21:13 Bloodlines
22:27 Town Watch
24:57 Forging
27:09 Castle Age
26:58 Gold Mining
27:01 Stone Mining
26:57 Double-Bit Axe
27:15 Padded Archer Armor
29:04 Wheelbarrow
28:24 Light Cavalry
29:48 Iron Casting
29:30 Fletching
29:41 Scale Mail Armor
31:53 Hand Cart
31:42 Caravan
34:10 Horse Collar
35:50 Ballistics
35:28 Murder Holes
36:37 Bodkin Arrow
40:44 Steppe Husbandry
45:18 Imperial Age
43:04 Thumb Ring
44:07 Chain Barding Armor
45:50 Leather Archer Armor
46:31 Parthian Tactics
46:51 Hoardings
47:25 Cavalier
47:36 Elite Kipchak
48:02 Elite Steppe Lancer
50:31 Masonry
50:55 Ring Archer Armor
50:49 Conscription
51:08 Town Patrol
52:13 Hussar
54:06 Heavy Cavalry Archer
55:23 Paladin
58:32 Squires
65:26 Gold Shaft Mining
66:55 Heavy Plow
68:11 Blast Furnace
73:10 Chemistry
73:34 Cuman Mercenaries
74:16 Plate Barding Armor
JÄGGERMEISTER |
1:12 Loom
11:52 Feudal Age
17:05 Padded Archer Armor
16:56 Fletching
26:23 Castle Age
25:33 Double-Bit Axe
25:42 Gold Mining
26:31 Horse Collar
27:29 Leather Archer Armor
27:27 Crossbowman
28:17 Thumb Ring
29:00 Wheelbarrow
29:08 Bodkin Arrow
31:29 Hand Cart
31:46 Ballistics
36:25 Town Watch
39:31 Imperial Age
36:55 Elite Skirmisher
38:58 Town Patrol
41:17 Arbalester
43:01 Ring Archer Armor
42:32 Bracer
44:22 Chemistry
45:41 Gold Shaft Mining
60:20 Scale Barding Armor
60:26 Forging
61:06 Husbandry
60:28 Light Cavalry
65:08 Iron Casting
64:54 Chain Barding Armor
64:50 Hussar
67:01 Blast Furnace
75:47 Bow Saw
ianxpresso
9:35 Feudal Age
10:02 Double-Bit Axe
13:41 Horse Collar
18:43 Gold Mining
21:36 Castle Age
20:15 Stone Mining
24:31 Bloodlines
24:25 Husbandry
26:49 Scale Barding Armor
30:48 Bow Saw
30:39 Heavy Plow
30:52 Loom
30:53 Town Watch
35:17 Pikeman
36:54 Grand Trunk Road
41:12 Imperial Age
39:00 Fervor
44:41 Gold Shaft Mining
44:44 Stone Shaft Mining
45:21 Two-Man Saw
46:14 Chemistry
46:59 Wheelbarrow
49:14 Murder Holes
50:10 Elite Skirmisher
50:39 Crossbowman
51:25 Thumb Ring
51:14 Fletching
51:24 Padded Archer Armor
51:25 Scale Mail Armor
52:29 Bodkin Arrow
54:51 Shatagni
55:31 Conscription
57:52 Hoardings
60:03 Hand Cart
59:48 Town Patrol
59:54 Bracer
60:10 Leather Archer Armor
60:05 Forging
60:11 Chain Mail Armor
63:33 Town Patrol
67:12 Ballistics
66:43 Guard Tower
73:07 Heavy Camel Rider
76:10 Ring Archer Armor
76:15 Iron Casting
75:55 Chain Mail Armor
76:29 Redemption
89:38 Hand Cart
Lazy Red Panda
7:19 Loom
9:24 Feudal Age
13:08 Double-Bit Axe
23:18 Castle Age
23:13 Gold Mining
23:17 Stone Mining
23:12 Horse Collar
23:27 Fletching
25:47 Padded Archer Armor
26:07 Crossbowman
33:40 Bodkin Arrow
34:01 Leather Archer Armor
34:08 Ballistics
37:25 Imperial Age
38:02 Arbalester
38:55 Murder Holes
38:43 Pikeman
40:12 Halberdier
41:14 Heavy Plow
42:16 Scale Mail Armor
42:43 Squires
43:52 Chain Mail Armor
44:35 Bracer
46:54 Ring Archer Armor
55:22 Conscription
55:50 Gold Shaft Mining
56:35 Plate Mail Armor
56:16 Forging
65:51 Chemistry
67:49 Wheelbarrow
67:01 Town Watch
69:31 Caravan
lucasdboca
0:33 Loom
2:57 Loom
10:39 Feudal Age
12:24 Wheelbarrow
11:36 Double-Bit Axe
19:33 Castle Age
41:08 Bow Saw
45:58 Fletching
46:09 Padded Archer Armor
47:21 Gold Mining
48:37 Stone Mining
49:26 Gold Shaft Mining
49:18 Elite Skirmisher
51:11 Hand Cart
51:05 Bodkin Arrow
54:22 Leather Archer Armor
54:18 Forging
54:21 Pikeman
55:01 Squires
54:48 Arson
55:10 Scale Mail Armor
55:26 Fortified Wall
55:40 Ballistics
55:12 Town Watch
56:33 Husbandry
57:48 Iron Casting
58:06 Chain Mail Armor
58:44 Town Patrol
61:57 Imperial Age
60:24 Scale Barding Armor
63:54 Chemistry
62:19 Halberdier
64:02 Blast Furnace
63:33 Plate Mail Armor
63:23 Chain Barding Armor
62:41 Cavalier
66:15 Paladin
69:47 Plate Barding Armor
75:32 Light Cavalry
DUNCAN
5:46 Loom
10:48 Feudal Age
11:32 Double-Bit Axe
15:29 Fletching
18:41 Horse Collar
21:10 Castle Age
22:51 Crossbowman
23:28 Bodkin Arrow
25:37 Horse Collar
26:32 Bow Saw
30:57 Thumb Ring
31:55 Padded Archer Armor
35:46 Leather Archer Armor
37:38 Town Watch
38:01 Gold Mining
43:33 Imperial Age
43:06 Ballistics
46:30 Arbalester
47:16 Bracer
47:54 Heavy Plow
49:32 Ring Archer Armor
49:08 Scale Barding Armor
49:14 Forging
49:47 Wheelbarrow
49:20 Town Patrol
49:57 Wheelbarrow
50:45 Two-Man Saw
49:07 Light Cavalry
49:49 Husbandry
50:09 Hussar
51:08 Caravan
52:44 Hand Cart
53:12 Hand Cart
53:10 Halberdier
53:51 Squires
53:37 Arson
57:18 Chemistry
57:31 Iron Casting
56:56 Scale Mail Armor
59:59 Blast Furnace
59:21 Chain Barding Armor
63:52 Chain Mail Armor
71:53 Gold Shaft Mining
77:48 Coinage
77:28 Guilds
81:35 Heavy Camel Rider
90:23 Stone Mining
aDiGe
0:41 Loom
14:30 Feudal Age
15:01 Double-Bit Axe
18:24 Horse Collar
25:30 Castle Age
27:13 Padded Archer Armor
27:42 Heavy Plow
29:05 Bow Saw
29:20 Fletching
29:46 Leather Archer Armor
29:34 Caravan
30:00 Wagenburg Tactics
33:36 Bodkin Arrow
40:45 Imperial Age
41:39 Elite Hussite Wagon
43:33 Conscription
45:32 Chemistry
44:53 Ballistics
44:29 Murder Holes
45:39 Two-Man Saw
46:27 Houfnice
fbaha
0:33 Loom
13:51 Feudal Age
14:20 Double-Bit Axe
14:16 Horse Collar
16:13 Gold Mining
16:13 Stone Mining
18:37 Wheelbarrow
23:45 Castle Age
24:26 Heavy Plow
24:37 Bow Saw
25:41 Gold Shaft Mining
25:51 Fervor
27:21 Hand Cart
29:17 Scale Mail Armor
31:42 Scale Barding Armor
31:47 Forging
31:54 Murder Holes
35:19 Husbandry
35:47 Chain Barding Armor
35:42 Chain Mail Armor
36:02 Iron Casting
37:38 Ballistics
37:30 Fortified Wall
41:38 Imperial Age
39:26 Town Watch
42:57 Plate Barding Armor
42:52 Plate Mail Armor
43:22 Blast Furnace
42:45 Conscription
41:46 Elite Mameluke
43:30 Chemistry
44:09 Caravan
69:06 Elite Skirmisher
69:43 Fletching
69:53 Padded Archer Armor
70:09 Town Patrol
70:59 Bodkin Arrow
71:19 Leather Archer Armor
72:18 Bracer
72:48 Ring Archer Armor
78:16 Counterweights
Connection lost

Rejoining the realm…

Still unreachable

The connection could not be restored.

Session expired

The server has moved on; the page needs a fresh start.